 Dungeon Crawl Stone Soup version 0.20.1-1-g8b1a95d (webtiles) character file.

3703 renl the Geomancer (level 10, -2/50 HPs)
             Began as a Gargoyle Earth Elementalist on July 12, 2017.
             Was a Follower of Ashenzari.
             Slain by a polar bear (19 damage)
             ... on level 1 of the Lair of Beasts on July 13, 2017.
             The game lasted 00:46:53 (6852 turns).

renl the Geomancer (Gargoyle Earth Elementalist)    Turns: 6852, Time: 00:46:54

Health: -2/50      AC: 14    Str: 17    XL:     10   Next: 14%
Magic:  1/18       EV: 12    Int: 21    God:    Ashenzari [*.....]
Gold:   470        SH:  0    Dex: 18    Spells: 12/20 levels left

rFire    + . .     SeeInvis .   E - +3 bardiche of Terra Nullius {pain, *Slow MR++ Str+4 Dex+8} (curse)
rCold    . . .     Gourm    .   (shield currently unavailable)
rNeg     + . .     Faith    .   r - +1 leather armour {rC+}
rPois    ∞         Spirit   .   (no helmet)
rElec    +         Reflect  .   A - +0 cloak
rCorr    .         Harm     .   a - +0 pair of gloves
MR       ++...                  D - +0 pair of boots
Stlth    ++........             (no amulet)
Regen    0.2/turn               w - +3 ring of intelligence
MPRegen  0.2/turn               O - ring of fire

@: no status effects
A: negative energy resistance 1, electricity resistance, unbreathing,
petrification resistance, rot immunity, AC +7
a: Curse Item, Scrying, Renounce Religion


You were on level 1 of the Lair of Beasts.
You worshipped Ashenzari.
Ashenzari was aware of your devotion.
You were hungry.

You visited 2 branches of the dungeon, and saw 10 of its levels.

You collected 470 gold pieces.

Inventory:

Hand Weapons
 E - the cursed +3 bardiche of Terra Nullius (weapon) {pain, *Slow MR++ Str+4 Dex+8}
   (You found it on level 5 of the Dungeon)

   In the hands of one skilled in necromantic magic, it inflicts extra damage on
   living creatures.
   It affects your strength (+4).
   It affects your dexterity (+8).
   It affects your resistance to hostile enchantments.
   It may slow you when you take damage.
   It has a curse placed upon it.
 I - the +3 falchion of Yqiafute {flame, Dex+5}
   (You found it on level 5 of the Dungeon)

   It has been specially enchanted to burn those struck by it, causing extra
   injury to most foes and up to half again as much damage against particularly
   susceptible opponents.
   Big, fiery blades are also staple armaments of hydra-hunters.
   It affects your dexterity (+5).
Missiles
 y - 223 stones (quivered)
Armour
 a - a +0 pair of gloves (worn)
 r - a +1 leather armour of cold resistance (worn)
 A - a +0 cloak (worn)
 D - a +0 pair of boots (worn)
Magical Staves
 b - an uncursed staff of fire
Jewellery
 w - a +3 ring of intelligence (left hand)
 L - an uncursed ring of positive energy
 M - an uncursed ring of resist corrosion
 O - a ring of fire (right hand)
 R - a +3 ring of slaying
Wands
 J - a wand of acid (7/15)
 N - a wand of iceblast (10/15)
 S - a wand of paralysis (19/24)
 U - a wand of confusion (32/48)
Scrolls
 m - 5 scrolls of remove curse
 n - a scroll of fog
 o - 2 scrolls of blinking
 p - a scroll of enchant armour {unknown}
 u - 7 scrolls of teleportation {unknown}
 B - a scroll of recharging {unknown}
 C - a scroll of enchant weapon {unknown}
 K - 2 scrolls of fear {unknown}
 P - a scroll of vulnerability {unknown}
Potions
 h - a potion of might
 j - 3 potions of flight
 k - a potion of haste
 q - a potion of heal wounds
 s - a potion of agility
 v - 3 potions of lignification
 x - 2 potions of invisibility
 F - a potion of berserk rage {unknown}
 H - a potion of mutation {unknown}
 Q - a potion of curing {unknown}
 T - a potion of cancellation {unknown}
Books
 e - a book of Geomancy

   Spells                             Type                      Level
   a - Sandblast                      Earth                        1
   b - Passwall                       Transmutation/Earth          2
   c - Stone Arrow                    Conjuration/Earth            3
   d - Petrify                        Transmutation/Earth          4
   e - Lee's Rapid Deconstruction     Earth                        5
 f - a book of Transfigurations

   Spells                             Type                      Level
   a - Irradiate                      Conjuration/Transmutation    5
   b - Statue Form                    Transmutation/Earth          6
   c - Hydra Form                     Transmutation                6
   d - Dragon Form                    Transmutation                7
 g - a book of Callings

   Spells                             Type                      Level
   a - Summon Small Mammal            Summoning                    1
   b - Call Imp                       Summoning                    2
   c - Call Canine Familiar           Summoning                    3
   d - Summon Guardian Golem          Hexes/Summoning              3
   e - Summon Lightning Spire         Summoning/Air                4
   f - Summon Ice Beast               Ice/Summoning                4
 t - a book of Cantrips

   Spells                             Type                      Level
   a - Confusing Touch                Hexes                        1
   b - Animate Skeleton               Necromancy                   1
   c - Summon Small Mammal            Summoning                    1
   d - Apportation                    Translocation                1
 G - a book of Air

   Spells                             Type                      Level
   a - Shock                          Conjuration/Air              1
   b - Swiftness                      Charms/Air                   2
   c - Static Discharge               Conjuration/Air              3
   d - Airstrike                      Air                          4
   e - Lightning Bolt                 Conjuration/Air              5
Comestibles
 c - 2 royal jellies
 d - 7 bread rations
 i - 11 chunks of flesh
 l - 5 fruits
 z - 4 meat rations


   Skills:
 - Level 2.7 Polearms
 - Level 1.5 Dodging
 - Level 2.1 Stealth
 + Level 5.6 Spellcasting
 + Level 0.7 Transmutations
 + Level 14.6 Earth Magic


You had 12 spell levels left.
You knew the following spells:

 Your Spells              Type           Power        Failure   Level  Hunger
a - Sandblast             Erth           ######       1%          1    None
b - Passwall              Tmut/Erth      #####.....   1%          2    None
c - Lee's Rapid Deconstr  Erth           ######....   1%          5    #####..


Dungeon Overview and Level Annotations

Branches:
Dungeon (9/15)             Temple (0/1) D:7            Lair (1/6) D:8
    Orc: D:9-12

Altars:
Ashenzari
Cheibriados
Fedhas
Makhleb
Okawaru
Trog
Xom
Zin

Annotations:
D:8 Meowmix's ghost, novice DsFi


Innate Abilities, Weirdness & Mutations

You are resistant to torment.
Your stone body is resilient. (AC +7)
You are immune to poison.
You resist negative energy. (rN+)
You are resistant to electric shocks. (rElec)
You can survive without breathing.
You are immune to petrification.
You are immune to rotting.


Message History

The wall shatters!
The blast of rock fragments hits the polar bear.
The polar bear is severely wounded.
You are feeling hungry.
The polar bear goes berserk!
You barely miss the polar bear.
The polar bear is severely wounded.
The polar bear bites you!! The polar bear closely misses you.
The polar bear claws you but does no damage.
The polar bear barely misses you.
The polar bear claws you but does no damage. x2
The polar bear bites you but does no damage.
The polar bear closely misses you.
The polar bear claws you but does no damage.
You slash the polar bear!
The polar bear is almost dead.
The polar bear closely misses you. x3; The polar bear bites you!
The polar bear claws you but does no damage.
The polar bear claws you. The polar bear bites you!!
You die...

.......................#
.......................#
.........[.......<.....#
.................†.....#
.......................#
.................†.....#
........#########P.....#
.###....# ##......
###.@# #.....# #.h#
#.).... ######..##
#.....# .........#
#.....# ........##
....... ........#
.......#
........h..............#
...........h...........#
.....................).#


You could see 2 polar bears.

Vanquished Creatures
  A spiny frog (Lair:1)
  Psyche (D:8)
  A polar bear (Lair:1)
  2 hippogriffs
  A hungry ghost (D:4)
  2 wargs
  Duvessa (D:4)
  A water moccasin (Lair:1)
  An ice beast (D:6)
  3 ogres
  A necrophage (D:8)
  A centaur (D:8)
  2 bullfrogs
  Dowan (D:4)
  A water moccasin skeleton (D:5)
  3 howler monkeys
  3 crimson imps
  5 hounds
  5 orc priests
  11 orc wizards
  A centaur skeleton (D:4)
  3 iguanas
  5 worker ants
  A hound zombie (D:8)
  A worker ant zombie (D:6)
  5 gnolls
  5 adders
  2 oozes
  2 worms (D:5)
  2 dart slugs (D:1)
  10 leopard geckos
  28 orcs
  6 giant cockroaches
  12 goblins
  7 hobgoblins
  4 kobolds
  3 quokkas
  2 ball pythons
  3 bats (D:1)
  2 frilled lizards
  2 leopard gecko skeletons (D:4)
  3 quokka skeletons
  9 rats
165 creatures vanquished.

Vanquished Creatures (others)
  A hobgoblin (D:3)
  A frilled lizard (D:3)
2 creatures vanquished.

Grand Total: 167 creatures vanquished

Notes
Turn   | Place    | Note
-------+----------+-------------------------------------------
     0 | D:1      | renl the Gargoyle Earth Elementalist began the quest for the Orb.
     0 | D:1      | Reached XP level 1. HP: 10/10 MP: 3/3
    49 | D:1      | Reached skill level 4 in Earth Magic
   104 | D:1      | Reached XP level 2. HP: 10/15 MP: 1/5
   381 | D:1      | Reached XP level 3. HP: 11/19 MP: 4/6
   382 | D:1      | Reached skill level 5 in Earth Magic
  1148 | D:2      | Reached XP level 4. HP: 24/24 MP: 4/7
  1302 | D:2      | Found an iron altar of Okawaru.
  1367 | D:2      | Reached skill level 6 in Earth Magic
  1520 | D:2      | Found a burning altar of Makhleb.
  1791 | D:3      | Reached XP level 5. HP: 28/28 MP: 5/8
  1915 | D:3      | Reached skill level 7 in Earth Magic
  1985 | D:3      | Found a shimmering altar of Xom.
  1985 | D:3      | Noticed an angel
  1986 | D:3      | Found a glowing silver altar of Zin.
  2043 | D:3      | Found a snail-covered altar of Cheibriados.
  2501 | D:4      | Noticed Duvessa
  2504 | D:4      | Noticed Dowan
  2532 | D:4      | Killed Duvessa
  2532 | D:4      | Reached skill level 8 in Earth Magic
  2532 | D:4      | Reached XP level 6. HP: 22/32 MP: 6/9
  2799 | D:4      | Killed Dowan
  2842 | D:4      | Learned a level 2 spell: Passwall
  2848 | D:4      | Learned a level 5 spell: Lee's Rapid Deconstruction
  2857 | D:4      | Reached skill level 9 in Earth Magic
  2946 | D:4      | Reached XP level 7. HP: 34/36 MP: 10/10
  3025 | D:4      | Noticed a hungry ghost
  3029 | D:4      | Killed a hungry ghost
  3029 | D:4      | Reached skill level 10 in Earth Magic
  3655 | D:5      | Entered Level 5 of the Dungeon
  3689 | D:5      | Reached XP level 8. HP: 41/41 MP: 11/11
  3773 | D:5      | Reached skill level 11 in Earth Magic
  3835 | D:5      | Found a blossoming altar of Fedhas.
  3918 | D:5      | Got a fine bardiche
  3919 | D:5      | Identified the +3 bardiche of Terra Nullius {pain, *Slow MR++ Str+4 Dex+8} (You found it on level 5 of the Dungeon)
  4108 | D:5      | You fall through a shaft!
  4235 | D:5      | Noticed a moth of wrath
  4239 | D:5      | Found a bloodstained altar of Trog.
  4284 | D:5      | Got a warped falchion
  4288 | D:5      | Identified the +3 falchion of Yqiafute {flame, Dex+5} (You found it on level 5 of the Dungeon)
  4374 | D:6      | Reached skill level 1 in Polearms
  4388 | D:6      | You fall through a shaft for 3 floors!
  4463 | D:6      | Found a shattered altar of Ashenzari.
  4483 | D:6      | Became a worshipper of Ashenzari the Shackled
  4582 | D:6      | You fall through a shaft for 3 floors!
  4805 | D:6      | Reached skill level 12 in Earth Magic
  5339 | D:7      | Reached * piety under Ashenzari
  5352 | D:7      | Found a staircase to the Ecumenical Temple.
  5434 | D:7      | Noticed a hippogriff
  5439 | D:7      | Killed a hippogriff
  5439 | D:7      | Reached skill level 13 in Earth Magic
  5439 | D:7      | Reached XP level 9. HP: 26/45 MP: 1/12
  5809 | D:8      | Noticed Psyche
  5811 | D:8      | Killed Psyche
  6279 | D:8      | Noticed Meowmix's ghost (novice DsFi)
  6504 | D:8      | Reached skill level 14 in Earth Magic
  6652 | D:8      | Found a staircase to the Lair.
  6684 | Lair:1   | Entered Level 1 of the Lair of Beasts
  6720 | Lair:1   | Noticed a spiny frog
  6730 | Lair:1   | Killed a spiny frog
  6730 | Lair:1   | Reached skill level 5 in Spellcasting
  6730 | Lair:1   | Reached XP level 10. HP: 36/50 MP: 0/18
  6852 | Lair:1   | Slain by a polar bear

Skill      XL: |  1  2  3  4  5  6  7  8  9 |
---------------+----------------------------+-----
Earth Magic    | 4 5 6 8 9 10 13 14 | 14.6
Polearms       | 2 |  2.7
Spellcasting   | 5 |  5.6
Dodging        | |  1.5
Stealth        | |  2.1
Transmutations | |  0.7

Action                   |  1- 3 |  4- 6 |  7- 9 | 10-12 || total
-------------------------+-------+-------+-------+-------++-------
Melee: Unarmed           |     6 |       |       |       ||     6
       Club              |    26 |       |       |       ||    26
       Whip              |    10 |    94 |    79 |       ||   183
       Bardiche          |       |       |   177 |     2 ||   179
 Cast: Sandblast         |    30 |    40 |    21 |     5 ||    96
       Lee's Rapid Decon |       |       |    19 |     3 ||    22
Invok: Curse Item        |       |       |     1 |       ||     1
  Use: Scroll            |       |       |    11 |       ||    11
 Stab: Sleeping          |       |     4 |     6 |       ||    10
  Eat: Chunk             |     1 |     7 |    18 |     1 ||    27
Armor: Leather armour    |    18 |    33 |   164 |     8 ||   223
       Robe              |     2 |       |       |       ||     2
Dodge: Dodged            |    25 |    59 |   243 |     9 ||   336
